TOP OF THE 1ST |
Boston Rebels batting - Pitching for Los Angeles Bruins : RHP Juan González
|
Pitching: RHP Juan González
|
|
Batting: LHB Bill Wilson
|
0-0: Foul Ball, location: 2F 0-1: Ball 1-1: SINGLE (Line Drive, 3D)
|
Batting: SHB Álex Rosado
|
0-0: Swinging Strike 0-1: Fly out, F9 (Flyball, 9D) Runner from 1st tags up, SAFE at 2nd
|
Batting: LHB Bill Wilson
|
0-0: Foul Ball, location: 2F 0-1: Called Strike 0-2: Ball 1-2: Ball 2-2: Foul Ball, location: 2F 2-2: Foul Ball, location: 2F 2-2: Foul Ball, location: 2F 2-2: Ball 3-2: Strikes out swinging
|
Batting: LHB Jeff Gordon
|
0-0: Called Strike 0-1: Swinging Strike 0-2: Ball 1-2: Ball 2-2: Strikes out looking
|
Top of the 1st over - 0 run(s), 1 hit(s), 0 error(s), 1 left on base; Boston 0 - Los Angeles 0 |
BOTTOM OF THE 1ST |
Los Angeles Bruins batting - Pitching for Boston Rebels : LHP José Hidalgo
|
Pitching: LHP José Hidalgo
|
|
Batting: SHB Ramón Lugo
|
0-0: Foul Ball, location: 2F 0-1: Swinging Strike 0-2: Ground out 6-3 (Groundball, 6)
|
Batting: SHB Luis Muńóz
|
0-0: Called Strike 0-1: Called Strike 0-2: Fly out, F6 (Line Drive, 6D)
|
Batting: SHB Miguel González
|
0-0: Foul Ball, location: 2F 0-1: Ball 1-1: Foul Ball, location: 2F 1-2: Foul Ball, location: 2F 1-2: Ball 2-2: SINGLE (Line Drive, 9LS)
|
Batting: LHB Richard Hunter
|
0-0: Called Strike 0-1: Ground out 4-3 (Groundball, 4)
|
Bottom of the 1st over - 0 run(s), 1 hit(s), 0 error(s), 1 left on base; Boston 0 - Los Angeles 0 |
TOP OF THE 2ND |
Boston Rebels batting - Pitching for Los Angeles Bruins : RHP Juan González
|
Batting: RHB Wilson Gómez
|
0-0: Ball 1-0: Called Strike 1-1: Swinging Strike 1-2: Ball 2-2: Ground out 1-3 (Groundball, 15S)
|
Batting: RHB Ronnie Brown
|
0-0: DOUBLE (Line Drive, 8RM)
|
Batting: LHB Stanley Mullins
|
0-0: Ground out 6-3 (Groundball, 6M) Ronnie Brown to third
|
Batting: RHB Rob Whitley
|
0-0: Ball 1-0: Swinging Strike 1-1: Ball 2-1: Swinging Strike 2-2: Foul Ball, location: 2F 2-2: Strikes out looking
|
Top of the 2nd over - 0 run(s), 1 hit(s), 0 error(s), 1 left on base; Boston 0 - Los Angeles 0 |
BOTTOM OF THE 2ND |
Los Angeles Bruins batting - Pitching for Boston Rebels : LHP José Hidalgo
|
Batting: RHB Morgan Gibbon
|
0-0: Ball 1-0: Ball 2-0: Swinging Strike 2-1: Ground out 5-3 (Groundball, 56S)
|
Batting: RHB Rubén Calderón
|
0-0: Ball 1-0: Ball 2-0: Ball 3-0: Ground out 6-3 (Groundball, 6)
|
Batting: RHB Shih-k'ai Huang
|
0-0: Swinging Strike 0-1: Ground out 5-3 (Groundball, 5S)
|
Bottom of the 2nd over - 0 run(s), 0 hit(s), 0 error(s), 0 left on base; Boston 0 - Los Angeles 0 |
TOP OF THE 3RD |
Boston Rebels batting - Pitching for Los Angeles Bruins : RHP Juan González
|
Batting: LHB Tony Ramírez
|
0-0: Ball 1-0: SINGLE (Groundball, 25) (infield hit)
|
Batting: LHB Bill Wilson
|
0-0: Fly out, F5 (Popup, 5F)
|
Batting: SHB Álex Rosado
|
0-0: Ball Tony Ramírez steals 2nd base 1-0: Called Strike 1-1: Ball 2-1: Foul Ball, location: 2F 2-2: Foul Ball, location: 2F 2-2: Ball 3-2: Strikes out looking
|
Batting: LHB Bill Wilson
|
0-0: Ball 1-0: Called Strike 1-1: Ball 2-1: Swinging Strike 2-2: Ball 3-2: Foul Ball, location: 2F 3-2: Foul Ball, location: 2F 3-2: Foul Ball, location: 2F 3-2: Strikes out swinging
|
Top of the 3rd over - 0 run(s), 1 hit(s), 0 error(s), 1 left on base; Boston 0 - Los Angeles 0 |
BOTTOM OF THE 3RD |
Los Angeles Bruins batting - Pitching for Boston Rebels : LHP José Hidalgo
|
Batting: LHB Tony Abete
|
0-0: Foul Ball, location: 2F 0-1: Foul Ball, location: 2F 0-2: Ball 1-2: Fly out, F5 (Popup, 5)
|
Batting: RHB Gregg Nelson
|
0-0: Foul Ball, location: 2F 0-1: Ball 1-1: Foul Ball, location: 2F 1-2: Ball 2-2: Fly out, F7 (Flyball, 7S)
|
Batting: SHB Ramón Lugo
|
0-0: Called Strike 0-1: Ball 1-1: Ball 2-1: Ground out 5-3 (Groundball, 5S)
|
Bottom of the 3rd over - 0 run(s), 0 hit(s), 0 error(s), 0 left on base; Boston 0 - Los Angeles 0 |
TOP OF THE 4TH |
Boston Rebels batting - Pitching for Los Angeles Bruins : RHP Juan González
|
Batting: LHB Jeff Gordon
|
0-0: Called Strike 0-1: Swinging Strike 0-2: Ball 1-2: Ball 2-2: Strikes out swinging
|
Batting: RHB Wilson Gómez
|
0-0: Foul Ball, location: 2F 0-1: Swinging Strike 0-2: Fly out, F8 (Flyball, 8RM)
|
Batting: RHB Ronnie Brown
|
0-0: Called Strike 0-1: Foul Ball, location: 2F 0-2: Ball 1-2: Foul Ball, location: 2F 1-2: Ball 2-2: Fly out, F7 (Line Drive, 78M)
|
Top of the 4th over - 0 run(s), 0 hit(s), 0 error(s), 0 left on base; Boston 0 - Los Angeles 0 |
BOTTOM OF THE 4TH |
Los Angeles Bruins batting - Pitching for Boston Rebels : LHP José Hidalgo
|
Batting: SHB Luis Muńóz
|
0-0: Ball 1-0: Foul Ball, location: 2F 1-1: Called Strike 1-2: Ball 2-2: Ball 3-2: Fly out, F7 (Flyball, 7LM)
|
Batting: SHB Miguel González
|
0-0: Ball 1-0: Swinging Strike 1-1: Foul Ball, location: 2F 1-2: Ball 2-2: Foul Ball, location: 2F 2-2: Foul Ball, location: 2F 2-2: Reached on error, E3 (Groundball, 34S)
|
Batting: LHB Richard Hunter
|
0-0: Ball 1-0: Called Strike 1-1: Ball 2-1: Foul Ball, location: 2F 2-2: Foul Ball, location: 2F 2-2: Ball 3-2: Ground out 6-3 (Groundball, 6)
|
Batting: RHB Morgan Gibbon
|
0-0: Called Strike 0-1: Foul Ball, location: 2F 0-2: Foul Ball, location: 2F 0-2: Ball 1-2: Ground out 6-3 (Groundball, 6M)
|
Bottom of the 4th over - 0 run(s), 0 hit(s), 1 error(s), 1 left on base; Boston 0 - Los Angeles 0 |
TOP OF THE 5TH |
Boston Rebels batting - Pitching for Los Angeles Bruins : RHP Juan González
|
Pitching: RHP Oliver Donahue
|
|
Batting: LHB Stanley Mullins
|
0-0: Ball 1-0: Ball 2-0: Ball 3-0: Base on Balls
|
Batting: RHB Rob Whitley
|
0-0: Ball 1-0: Foul Ball, location: 2F 1-1: Called Strike 1-2: Ball 2-2: Ball 3-2: Foul Ball, location: 2F 3-2: Base on Balls Stanley Mullins to second
|
Batting: LHB Tony Ramírez
|
0-0: Grounds into double play, U4-3 (Groundball, 4) Stanley Mullins to third
|
Batting: LHB Bill Wilson
|
0-0: Ball 1-0: SINGLE (Line Drive, 56D) Stanley Mullins scores
|
Batting: SHB Álex Rosado
|
0-0: Foul Ball, location: 2F 0-1: Ball 1-1: Foul Ball, location: 2F 1-2: Foul Ball, location: 2F 1-2: Foul Ball, location: 2F 1-2: Ball 2-2: SINGLE (Groundball, 13) (infield hit) Bill Wilson to second
|
Batting: LHB Bill Wilson
|
0-0: Foul Ball, location: 2F 0-1: Foul Ball, location: 2F 0-2: Foul Ball, location: 2F 0-2: Strikes out swinging
|
Top of the 5th over - 1 run(s), 2 hit(s), 0 error(s), 2 left on base; Boston 1 - Los Angeles 0 |
BOTTOM OF THE 5TH |
Los Angeles Bruins batting - Pitching for Boston Rebels : LHP José Hidalgo
|
Pitching: RHP Takafumi Ogusuku
|
|
Batting: RHB Rubén Calderón
|
0-0: Ball 1-0: Called Strike 1-1: Ball 2-1: Foul Ball, location: 2F 2-2: Fly out, F7 (Flyball, 78M)
|
Batting: RHB Shih-k'ai Huang
|
0-0: Fly out, F9 (Flyball, 9M)
|
Batting: LHB Tony Abete
|
0-0: Ball 1-0: Ball 2-0: Bunted foul 2-1: Swinging Strike 2-2: Strikes out looking
|
Bottom of the 5th over - 0 run(s), 0 hit(s), 0 error(s), 0 left on base; Boston 1 - Los Angeles 0 |
TOP OF THE 6TH |
Boston Rebels batting - Pitching for Los Angeles Bruins : RHP Oliver Donahue
|
Batting: LHB Jeff Gordon
|
0-0: Called Strike 0-1: Ball 1-1: Foul Ball, location: 2F 1-2: Foul Ball, location: 2F 1-2: Ground out 6-3 (Groundball, 6MS)
|
Batting: RHB Wilson Gómez
|
0-0: Ball 1-0: Ball 2-0: Ball 3-0: Called Strike 3-1: Foul Ball, location: 2F 3-2: Base on Balls
|
Batting: RHB Ronnie Brown
|
0-0: Ball 1-0: Foul Ball, location: 2F 1-1: Foul Ball, location: 2F 1-2: Ground out U3 (Groundball, 3S) Wilson Gómez to second
|
Batting: LHB Stanley Mullins
|
0-0: Foul Ball, location: 2F 0-1: Swinging Strike 0-2: Hit by Pitch
|
Batting: RHB Rob Whitley
|
0-0: Foul Ball, location: 2F 0-1: Ground out 4-3 (Groundball, 4)
|
Top of the 6th over - 0 run(s), 0 hit(s), 0 error(s), 2 left on base; Boston 1 - Los Angeles 0 |
BOTTOM OF THE 6TH |
Los Angeles Bruins batting - Pitching for Boston Rebels : RHP Takafumi Ogusuku
|
Batting: RHB Gregg Nelson
|
0-0: Ball 1-0: Fly out, F9 (Popup, 4D)
|
Batting: SHB Ramón Lugo
|
0-0: Called Strike 0-1: Called Strike 0-2: Ball 1-2: Ball 2-2: Foul Ball, location: 2F 2-2: DOUBLE (Line Drive, 9LD)
|
Batting: SHB Luis Muńóz
|
0-0: Ball 1-0: Ball 2-0: Called Strike 2-1: Ball 3-1: Foul Ball, location: 2F 3-2: SINGLE (Line Drive, 4MD) Ramón Lugo to third Runner from 3rd tries for Home, SAFE, throw made home
|
Batting: SHB Miguel González
|
0-0: Called Strike 0-1: SINGLE (Groundball, 56) (infield hit) Luis Muńóz to second
|
Batting: LHB Richard Hunter
|
0-0: Ball 1-0: Foul Ball, location: 2F 1-1: Swinging Strike 1-2: SINGLE (Line Drive, 4MD) Luis Muńóz to third Miguel González to second
|
Batting: RHB Morgan Gibbon
|
0-0: GRAND SLAM HOME RUN (Flyball, 9D), Distance : 385 ft
|
Pitching: LHP Yoshihiro Hasegawa
|
|
Batting: RHB Rubén Calderón
|
0-0: Called Strike 0-1: Ball 1-1: Swinging Strike 1-2: SOLO HOME RUN (Flyball, 7D), Distance : 395 ft
|
Batting: RHB Shih-k'ai Huang
|
0-0: Ball 1-0: Fly out, F9 (Popup, 89S)
|
Batting: LHB Tony Abete
|
0-0: Ball 1-0: Ball 2-0: Called Strike 2-1: Foul Ball, location: 2F 2-2: Foul Ball, location: 2F 2-2: Ground out 6-3 (Groundball, 6M)
|
Bottom of the 6th over - 6 run(s), 6 hit(s), 0 error(s), 0 left on base; Boston 1 - Los Angeles 6 |
TOP OF THE 7TH |
Boston Rebels batting - Pitching for Los Angeles Bruins : RHP Oliver Donahue
|
Pitching: RHP José Gómes
|
|
Batting: LHB Tony Ramírez
|
0-0: Swinging Strike 0-1: Swinging Strike 0-2: Ball 1-2: Foul Ball, location: 2F 1-2: Ball 2-2: Foul Ball, location: 2F 2-2: Ball 3-2: Ground out U3 (Groundball, 3S)
|
Batting: LHB Bill Wilson
|
0-0: Ball 1-0: Called Strike 1-1: SOLO HOME RUN (Flyball, 9D), Distance : 401 ft
|
Batting: SHB Álex Rosado
|
0-0: Fly out, F8 (Flyball, 8LS)
|
Batting: LHB Lorenzo Flores
|
0-0: Ball 1-0: Ground out U3 (Groundball, 3S)
|
Top of the 7th over - 1 run(s), 1 hit(s), 0 error(s), 0 left on base; Boston 2 - Los Angeles 6 |
BOTTOM OF THE 7TH |
Los Angeles Bruins batting - Pitching for Boston Rebels : LHP Yoshihiro Hasegawa
|
Batting: RHB Gregg Nelson
|
0-0: Called Strike 0-1: Swinging Strike 0-2: Strikes out swinging
|
Pinch Hitting: RHB Xin Zhang
|
0-0: Ball 1-0: Swinging Strike 1-1: Swinging Strike 1-2: Foul Ball, location: 2F 1-2: Strikes out swinging
|
Batting: SHB Luis Muńóz
|
0-0: Called Strike 0-1: Ball 1-1: SINGLE (Line Drive, 78M)
|
Pinch Hitting: RHB Brendan Vigors
|
0-0: Ball 1-0: Called Strike 1-1: Ball 2-1: Called Strike 2-2: Ground out 6-3 (Groundball, 6)
|
Bottom of the 7th over - 0 run(s), 1 hit(s), 0 error(s), 1 left on base; Boston 2 - Los Angeles 6 |
TOP OF THE 8TH |
Boston Rebels batting - Pitching for Los Angeles Bruins : RHP José Gómes
|
Now at 1B: Xin Zhang
|
|
Now at 2B: Fernando De La Cruz
|
|
Pinch Hitting: SHB Javier Villegas
|
0-0: Called Strike 0-1: Ball 1-1: Swinging Strike 1-2: Ball 2-2: Foul Ball, location: 2F 2-2: Strikes out swinging
|
Pinch Hitting: LHB Félix Gómez
|
0-0: Ball 1-0: Ball 2-0: SINGLE (Line Drive, 56D)
|
Batting: RHB Ronnie Brown
|
0-0: Ball 1-0: Foul Ball, location: 2F 1-1: Ball 2-1: Ball 3-1: Grounds into double play, 4-6-3 (Groundball, 4)
|
Top of the 8th over - 0 run(s), 1 hit(s), 0 error(s), 0 left on base; Boston 2 - Los Angeles 6 |
BOTTOM OF THE 8TH |
Los Angeles Bruins batting - Pitching for Boston Rebels : LHP Yoshihiro Hasegawa
|
Now at 3B: Javier Villegas
|
|
Now in RF: Félix Gómez
|
|
Pinch Hitting: RHB Orlando García
|
0-0: Ball 1-0: Fly out, F8 (Flyball, 8LD)
|
Pitching: LHP Luis Valentín
|
|
Pinch Hitting: SHB Zach Franks
|
0-0: Called Strike 0-1: Ball 1-1: Foul Ball, location: 2F 1-2: Strikes out swinging
|
Batting: RHB Matthieu Vancini
|
0-0: Ball 1-0: Swinging Strike 1-1: Foul Ball, location: 2F 1-2: Ball 2-2: Ball 3-2: DOUBLE (Flyball, 89M)
|
Pinch Hitting: RHB William Richardson
|
0-0: Ball 1-0: Ground out 4-3 (Groundball, 4)
|
Bottom of the 8th over - 0 run(s), 1 hit(s), 0 error(s), 1 left on base; Boston 2 - Los Angeles 6 |
TOP OF THE 9TH |
Boston Rebels batting - Pitching for Los Angeles Bruins : RHP José Gómes
|
Now at 3B: Orlando García
|
|
Now in LF: Luis Sánchez
|
|
Now in CF: Zach Franks
|
|
Pinch Hitting: RHB Salvador Gonzáles
|
0-0: SINGLE (Groundball, 34D)
|
Batting: RHB Rob Whitley
|
0-0: Ball 1-0: Grounds into double play, 6-4-3 (Groundball, 6M)
|
Pinch Hitting: RHB Clancy Booker
|
0-0: Foul Ball, location: 2F 0-1: Foul Ball, location: 2F 0-2: Foul Ball, location: 2F 0-2: Ball 1-2: Ground out 5-3 (Groundball, 5)
|
Top of the 9th over - 0 run(s), 1 hit(s), 0 error(s), 0 left on base; Boston 2 - Los Angeles 6 |
|